 Dungeon Crawl Stone Soup version 0.28.0-53-g5a82cb258f (webtiles) character file.

Game seed: 580303514012667290

1988 YetiFiasco the Spear-Bearer (level 9, -3/79 HPs)
             Began as a Minotaur Fighter on July 10, 2022.
             Was a Believer of Okawaru.
             Slain by a killer bee (5 damage)
             ... on level 7 of the Dungeon.
             The game lasted 00:26:59 (6883 turns).

YetiFiasco the Spear-Bearer (Minotaur Fighter)      Turns: 6883, Time: 00:27:00

Health: -3/79      AC: 15    Str: 24    XL:     9   Next: 1%
Magic:  6/8        EV:  9    Int:  5    God:    Okawaru [**....]
Gold:   383        SH:  6    Dex: 11    Spells: 6/8 levels left

rFire   . . .      SeeInvis +   a - +0 trident
rCold   . . .      Faith    .   c - +0 buckler
rNeg    . . .      Spirit   .   j - +0 plate armour
rPois   +          Reflect  .   (helmet restricted)
rElec   .          Harm     .   (no cloak)
rCorr   .          Rampage  .   (no gloves)
Will    .....                   (no boots)
Stlth   ..........              (no amulet)
HPRegen 0.23/turn               u - ring of poison resistance
MPRegen 0.11/turn               p - ring of see invisible

@: lethally poisoned (-3 -> -8), heroic
A: horns 2, retaliatory headbutt
a: Renounce Religion, Heroism


You were on level 7 of the Dungeon.
You worshipped Okawaru.
Okawaru was pleased with you.
You visited 2 branches of the dungeon, and saw 8 of its levels.
You also visited: Sewer.

You collected 383 gold pieces.

Inventory:

Hand Weapons
 a - a +0 trident (weapon)
 m - a +0 great sword
 n - a +0 glaive
 s - a +2 mace of holy wrath
Armour
 c - a +0 buckler (worn)
 j - a +0 plate armour (worn)
Jewellery
 k - a ring of magical power
 p - a ring of see invisible (right hand)
 u - a ring of poison resistance (left hand)
Wands
 r - a wand of digging (5)
Scrolls
 e - a scroll of vulnerability {unknown}
 h - 3 scrolls of immolation
 o - a scroll of amnesia {unknown}
 q - a scroll of teleportation {unknown}
Potions
 b - a potion of heal wounds {unknown}
 d - a potion of brilliance {unknown}
 f - a potion of attraction
 g - 2 potions of mutation
 i - 2 potions of curing {unknown}
 l - 3 potions of cancellation
 t - 2 potions of degeneration {unknown}


   Skills:
 + Level 7.0(12.0) Fighting
 + Level 10.0(15.0) Polearms
 + Level 7.3(12.3) Armour
 + Level 1.6(6.6) Dodging
 + Level 5.9(10.9) Shields


You had 6 spell levels left.
You knew the following spells:

 Your Spells              Type           Power      Damage    Failure   Level
a - Slow                  Hex            0%         N/A       99%         1
b - Beastly Appendage     Tmut           0%         N/A       99%         1

Your spell library contained the following spells:

 Spells                   Type           Power      Damage    Failure   Level
 Pain                     Necr           0%         1d4       99%         1
 Sublimation of Blood     Necr           0%         N/A       100%        2
 Wereblood                Tmut           0%         N/A       100%        2
 Confusing Touch          Hex            0%         N/A       100%        3
 Spider Form              Tmut/Pois      0%         N/A       100%        3
 Stone Arrow              Conj/Erth      0%         3d7       100%        3
 Vampiric Draining        Necr           0%         2d6       100%        3
 Lehudib's Crystal Spear  Conj/Erth      0%         10d2      100%        8
 Animate Skeleton         Necr           Unusable   N/A       N/A         1
 Animate Armour           Summ/Erth      Unusable   N/A       N/A         4
 Summon Hydra             Summ           Unusable   N/A       N/A         7

Dungeon Overview and Level Annotations

Branches:
Dungeon (7/15)             Temple (1/1) D:4           Sewer (visited)

Altars:
Ashenzari
Dithmenos
Elyvilon
Fedhas
Hepliaklqana
Makhleb
Nemelex Xobeh
Okawaru
Qazlal
Ru
Sif Muna
Uskayaw
Vehumet
Wu Jian
Xom
Yredelemnul
Zin
The Shining One

Annotations:
D:2 1 runed translucent door, Crazy Yiuf
D:3 2 transporters, Descartes's ghost, amateur FeTm


Innate Abilities, Weirdness & Mutations

You have a pair of horns on your head.
You reflexively headbutt those who attack you in melee.


Message History

You feel sick.
You are no longer poisoned.
The killer bee stings you but does no damage. x2
The killer bee stings you.
* * * LOW HITPOINT WARNING * * *
You are poisoned.
The killer bee poisons you!
You feel sick.
You feel sick.
The killer bee stings you but does no damage. x3
You hit the killer bee.
The killer bee is moderately wounded.
You feel sick. The killer bee barely misses you. You furiously retaliate!
You headbutt the killer bee. The killer bee stings you.
* * * LOW HITPOINT WARNING * * *
You block the killer bee's attack. x2
You closely miss the killer bee.
The killer bee is moderately wounded.
You block the killer bee's attack. x2
The killer bee stings you but does no damage.
You closely miss the killer bee. You headbutt the killer bee!
You kill the killer bee!
Okawaru accepts your kill.
You feel sick. The killer bee barely misses you. The killer bee stings you.
* * * LOW HITPOINT WARNING * * *
You block the killer bee's attack.
Your Polearms skill increases to level 10!
You have reached level 9!
Your experience leads to an increase in your attributes!
Increase (S)trength, (I)ntelligence, or (D)exterity?
You feel stronger. x2
You gain the combat prowess of a mighty hero.
You feel sick.
You are no longer poisoned.
The killer bee stings you!
* * * LOW HITPOINT WARNING * * *
You are lethally poisoned!
The killer bee poisons you! The killer bee closely misses you.
The killer bee stings you.
You die...

#.# #.. #.# ... #.# #.#
#.# #.# #.# #.# #.# #.#
#.# #####.#
####y#######.
......######.Zyy@......#
##...........########.#.
#.########### #.# ##y#
Zy.# #..# ..... ...###


You could see 3 killer bees and a centaur warrior zombie.

Vanquished Creatures
  A water moccasin (D:6)
  An ice beast (D:3)
  A black bear (D:5)
  A necrophage (D:5)
  An ogre (D:2)
  A hornet zombie (D:5)
  A phantom (D:5)
  2 kobold brigands (D:6)
  3 scorpions
  A water moccasin zombie (D:5)
  A water moccasin skeleton (D:4)
  3 killer bees (D:7)
  A wight (Sewer)
  2 centaur zombies
  A bullfrog zombie (D:6)
  A centaur skeleton (D:6)
  A jelly (D:6)
  2 hounds
  3 orc priests (D:6)
  Ijyb (D:4)
  3 iguanas
  Terence (D:2)
  A howler monkey zombie (D:6)
  7 gnolls
  A howler monkey skeleton (D:7)
  2 river rats (D:5)
  6 adders
  A shadow imp (Sewer)
  2 ufetubi
  An adder skeleton (D:4)
  An adder zombie (Sewer)
  9 worms
  A dart slug (D:3)
  9 orcs
  6 endoplasms
  5 giant cockroaches
  5 hobgoblins
  9 jackals
  4 quokkas
  10 ball pythons
  11 bats
  4 frilled lizards
  14 goblins
  28 kobolds
  A kobold zombie (Sewer)
  5 rats
176 creatures vanquished.

Notes
Turn   | Place    | Note
-------+----------+-------------------------------------------
     0 | D:1      | YetiFiasco the Minotaur Fighter began the quest for the
                  | Orb.
     0 | D:1      | Reached XP level 1. HP: 19/19 MP: 0/0
   248 | D:1      | Reached XP level 2. HP: 26/27 MP: 1/1
  1082 | D:2      | Reached XP level 3. HP: 21/33 MP: 2/2
  1446 | D:2      | Reached skill level 3 in Polearms
  1469 | D:2      | Found a faded altar of an unknown god.
  1487 | D:2      | Noticed Terence
  1496 | D:2      | Killed Terence
  1945 | D:2      | Found a runed translucent door.
  1946 | D:2      | Noticed Crazy Yiuf
  2020 | D:3      | Reached XP level 4. HP: 39/41 MP: 3/3
  2022 | D:3      | Noticed an ice beast
  2068 | D:3      | Noticed an ogre
  2072 | D:2      | Killed an ogre
  2073 | D:2      | Reached skill level 4 in Polearms
  2073 | D:2      | Reached XP level 5. HP: 35/47 MP: 4/4
  2162 | D:3      | Noticed Descartes's ghost (amateur FeTm)
  2162 | D:3      | Noticed an ogre
  2163 | D:3      | Found a transporter.
  2164 | D:3      | Identified the +4 dire flail "Aseir" {pain, *Noise +Blink
                  | rPois Dex+5}
  2164 | D:3      | Noticed an ogre
  2167 | D:3      | Found a transporter.
  2533 | D:3      | Reached skill level 5 in Polearms
  2781 | D:3      | Killed an ice beast
  2782 | D:3      | Reached skill level 5 in Armour
  2782 | D:3      | Reached skill level 1 in Dodging
  2782 | D:3      | Reached XP level 6. HP: 46/55 MP: 5/5
  3124 | D:4      | Reached skill level 5 in Fighting
  3280 | D:4      | Noticed Ijyb
  3290 | D:4      | Paralysed by Ijyb for 6 turns
  3301 | D:4      | Killed Ijyb
  3302 | D:4      | Reached skill level 6 in Polearms
  3619 | D:4      | Found a staircase to the Ecumenical Temple.
  3637 | Temple   | Entered the Ecumenical Temple
  3820 | Temple   | Became a worshipper of Warmaster Okawaru
  3910 | D:4      | Found a glowing silver altar of Zin.
  3910 | D:4      | Noticed an angel
  4110 | D:5      | Entered Level 5 of the Dungeon
  4135 | D:5      | Reached XP level 7. HP: 32/61 MP: 6/6
  4201 | D:5      | Reached skill level 7 in Polearms
  4520 | D:5      | Reached * piety under Okawaru
  4646 | D:5      | Found a glowing drain.
  4651 | Sewer    | Entered a sewer
  4945 | Sewer    | Found an ancient bone altar of Kikubaaqudgha.
  4947 | Sewer    | Noticed Grinder
  4999 | Sewer    | Paralysed by Grinder for 6 turns
  5040 | D:5      | Reached XP level 8. HP: 52/70 MP: 7/7
  5070 | D:5      | Reached skill level 8 in Polearms
  5074 | D:5      | Learned a level 1 spell: Slow
  5076 | D:5      | Learned a level 1 spell: Beastly Appendage
  5114 | D:5      | Found a burning altar of Makhleb.
  5195 | D:5      | Reached skill level 5 in Shields
  5631 | D:6      | Reached skill level 9 in Polearms
  5778 | D:6      | Reached ** piety under Okawaru
  6883 | D:7      | Reached skill level 10 in Polearms
  6883 | D:7      | Reached XP level 9. HP: 10/79 MP: 8/8
  6883 | D:7      | HP: 2/79 [killer bee (7)]
  6883 | D:7      | Slain by a killer bee

Illustrated notes

Levels and vault maps discovered:
D:1:      minmay_arrival_three_doors, layout_basic, minmay_misc_feat_square
D:2:      layout_basic, nicolae_ecumenical_lake_church, minmay_misc_feat_iff,
          minmay_tetromino_t4, uniq_crazy_yiuf_cottage, uniq_terence
D:3:      layout_loops_ring, gammafunk_ghost_smash
D:4:      kennysheep_goblin_castle, layout_rooms, zin_angel,
          minmay_temple_entry_drinking_statues, dk_noncrumbling_3,
          grunt_decor_junction
D:5:      layout_rooms, lightli_temple_of_fire, lightli_sewer_entry_pipes
D:6:      layout_loops_ring
D:7:      layout_loops_ring, hangedman_decor_points, st_stairs_1
Temple:   nicolae_temple_elliptical

Skill      XL: |  1  2  3  4  5  6  7  8 |
---------------+-------------------------+-----
Shields        | 4 5 |  5.9
Fighting       | 4 5 6 7 |  7.0
Polearms       | 3 4 5 6 7 10 | 10.0
Armour         | 4 5 6 7 |  7.3
Dodging        | 1 |  1.6

Action                   |  1- 3 |  4- 6 |  7- 9 || total
-------------------------+-------+-------+-------++-------
Melee: Trident           |    99 |   157 |   394 ||   650
       Headbutt          |     7 |    30 |    55 ||    92
Throw: Throwing net      |       |       |     1 ||     1
Invok: Heroism           |       |       |     1 ||     1
  Use: Potion            |     1 |       |       ||     1
       Scroll            |       |     3 |     1 ||     4
Armor: Scale mail        |    16 |       |       ||    16
       Plate armour      |    35 |    84 |   209 ||   328
Dodge: Dodged            |    20 |    29 |    83 ||   132
Block: Buckler           |    14 |    36 |    59 ||   109
